 Dungeon Crawl Stone Soup version 0.21-a0-278-ga722497 (webtiles) character file.

470 vishdafish the Skirmisher (level 6, -2/49 HPs)
             Began as a Demonspawn Fighter on Sept 23, 2017.
             Killed from afar by an orc wizard (9 damage)
             ... with a magic dart
             ... on level 5 of the Dungeon.
             The game lasted 00:04:08 (3121 turns).

vishdafish the Skirmisher (Demonspawn Fighter)      Turns: 3121, Time: 00:04:08

Health: -2/49      AC:  8    Str: 23    XL:     6   Next: 82%
Magic:  6/6        EV:  7    Int:  9    God:
Gold:   245        SH: 10    Dex: 13    Spells: 5/5 levels left

rFire    . . .     SeeInvis .   a - +0 war axe
rCold    . . .     Gourm    .   c - +0 shield
rNeg     + . .     Faith    .   b - +0 scale mail
rPois    +         Spirit   .   (no helmet)
rElec    .         Reflect  .   (no cloak)
rCorr    .         Harm     .   y - +0 pair of gloves
MR       .....                  (no boots)
Stlth    ..........             (no amulet)
HPRegen  0.16/turn              v - ring of poison resistance
MPRegen  0.10/turn              u - ring of positive energy

@: mighty
A: hooves 2
a: no special abilities


You were on level 5 of the Dungeon.
You were not hungry.

You visited 1 branch of the dungeon, and saw 5 of its levels.

You collected 245 gold pieces.

Inventory:

Hand Weapons
 a - a +0 war axe (weapon)
Armour
 b - a +0 scale mail (worn)
 c - a +0 shield (worn)
 y - a +0 pair of gloves (worn)
Jewellery
 e - an uncursed ring of flight
 u - a ring of positive energy (right hand)
 v - a ring of poison resistance (left hand)
Scrolls
 l - a scroll of blinking {unknown}
 m - a scroll of immolation {unknown}
 n - a scroll of fear
 o - a scroll of teleportation {unknown}
 p - a scroll of identify {unknown}
 q - a scroll of magic mapping {unknown}
 s - a scroll of remove curse {unknown}
 t - 2 scrolls of recharging {unknown}
 A - a scroll of amnesia {unknown}
 C - a scroll of noise {unknown}
Potions
 g - 2 potions of flight {unknown}
 h - a potion of magic {unknown}
 i - 2 potions of haste {unknown}
 j - 7 potions of curing {unknown}
 r - 2 potions of ambrosia {unknown}
 w - a potion of agility {unknown}
 z - a potion of cancellation {unknown}
 E - 2 potions of lignification {unknown}
Books
 x - a book of Changes

   Spells                             Type                      Level
   a - Beastly Appendage              Transmutation                1
   b - Sticks to Snakes               Transmutation                2
   c - Spider Form                    Transmutation/Poison         3
   d - Ice Form                       Ice/Transmutation            4
   e - Blade Hands                    Transmutation                5
Comestibles
 f - 7 bread rations
 k - 4 royal jellies
 B - 2 meat rations
 D - 3 chunks of flesh


   Skills:
 + Level 4.4 Fighting
 * Level 4.1 Axes
 + Level 4.0 Armour
 - Level 0.3 Dodging
 + Level 4.0 Shields


You had 5 spell levels left.
You didn't know any spells.

Dungeon Overview and Level Annotations

Branches:
Dungeon (5/15)
 Temple: D:4-7

Altars:
Ashenzari
Gozag
Vehumet
Zin


Innate Abilities, Weirdness & Mutations

You have hoof-like feet.


Message History

Something tries to affect you, but you resist.
You closely miss something. Your kick misses something.
Something hits you but does no damage. You block something's attack.
You closely miss something. Something hits you but does no damage.
You hit something. You barely miss the orc wizard.
The orc wizard barely misses you.
The orc wizard points at you and mumbles some strange words.
The magic dart hits you!
* * * LOW HITPOINT WARNING * * *
Something hits you but does no damage.
You miss the orc wizard.
The orc wizard is moderately wounded.
You closely miss something.
The orc wizard hits you but does no damage.
You block something's attack.
The orc wizard hits you but does no damage.
Something hits you but does no damage.
The orc wizard gestures at you while chanting.
The magic dart hits you!
You die...

......#.###....
#.##..........#
#....
##.#†........#
.....
.#.......###..
#....
..........##..#
#....
....#....##
#..##...#
...##....##
#..!...#
......##..##
#..{o#
...#..##.(.##
#.@.# ....#.
##...###..####
....##
##........^.#
#.
#.....!.......
#..............
###############


You could see an orc wizard.

Vanquished Creatures
  A centaur (D:5)
  2 scorpions (D:5)
  A water moccasin skeleton (D:4)
  2 orc priests (D:5)
  4 gnolls (D:2)
  5 adders
  2 oozes
  2 worms (D:3)
  2 dart slugs
  2 leopard geckos
  8 orcs
  4 ball pythons
  8 bats
  4 giant cockroaches
  9 goblins
  6 hobgoblins
  2 jackals (D:5)
  4 kobolds
  A quokka (D:4)
  4 frilled lizards
  A quokka skeleton (D:4)
  5 rats
79 creatures vanquished.

Notes
Turn   | Place    | Note
-------+----------+-------------------------------------------
     0 | D:1      | vishdafish the Demonspawn Fighter began the quest for the Orb.
     0 | D:1      | Reached XP level 1. HP: 18/18 MP: 1/1
   180 | D:1      | Gained mutation: You have large cloven feet. [demonic ancestry]
   180 | D:1      | Reached XP level 2. HP: 24/24 MP: 2/2
   470 | D:1      | Reached XP level 3. HP: 29/29 MP: 3/3
  1490 | D:2      | Reached XP level 4. HP: 6/35 MP: 4/4
  2002 | D:3      | Gained mutation: You have hoof-like feet. [demonic ancestry]
  2002 | D:3      | Reached XP level 5. HP: 42/42 MP: 5/5
  2397 | D:4      | Found an opulent altar of Gozag.
  2397 | D:4      | Found a glowing silver altar of Zin.
  2401 | D:4      | Found a shattered altar of Ashenzari.
  2401 | D:4      | Found a radiant altar of Vehumet.
  2849 | D:5      | Entered Level 5 of the Dungeon
  2903 | D:5      | Noticed a centaur
  2913 | D:5      | Killed a centaur
  2913 | D:5      | Reached XP level 6. HP: 13/48 MP: 6/6
  3121 | D:5      | Killed from afar by an orc wizard

Vault maps used:
D:1:      minmay_arrival_solitary_statue, serial_glass, glass_columns_b,
          glass_columns_b
D:3:      st_stairs_8
D:4:      grunt_temple_overflow_open, first_bread, minmay_misc_feat_roman,
          minmay_misc_feat_ornament
D:5:      grunt_temple_overflow_champion_of_chaos,
          chequers_temple_overflow_statue_of_worship

Skill      XL: |  1  2  3  4  5  6 |
---------------+-------------------+-----
Shields        | 3 4 |  4.0
Axes           | 2 3 4 |  4.1
Armour         | 3 4 |  4.0
Fighting       | 4 |  4.4
Dodging        | |  0.3

Action                   |  1- 3 |  4- 6 || total
-------------------------+-------+-------++-------
Melee: War axe           |   104 |   116 ||   220
       Kick              |    16 |    28 ||    44
  Use: Potion            |     1 |     1 ||     2
       Scroll            |       |     1 ||     1
  Eat: Chunk             |     1 |     2 ||     3
       Bread ration      |       |     1 ||     1
Armor: Scale mail        |    47 |    51 ||    98
Dodge: Dodged            |    36 |    36 ||    72
Block: Shield            |    50 |    63 ||   113

Table legend:
 A = Spawn XP
 B = Non-spawn XP
 C = Spawn XP percentage of total XP
 D = Spawn monster count
 E = Non-spawn monster count
 F = Spawn count percentage of total count
 G = Total turns spent on level
                    A         B        C        D         E        F      G
               +---------+---------+-------+---------+---------+-------+---------
         Total |       0 |     672 |   0.0 |       0 |      79 |   0.0 |  3121
               +---------+---------+-------+---------+---------+-------+---------
           D:1 |       0 |      41 |   0.0 |       0 |      22 |   0.0 |   606
           D:2 |       0 |     120 |   0.0 |       0 |      19 |   0.0 |  1212
           D:3 |       0 |      43 |   0.0 |       0 |      16 |   0.0 |   403
           D:4 |       0 |     122 |   0.0 |       0 |      12 |   0.0 |   628
           D:5 |       0 |     346 |   0.0 |       0 |      10 |   0.0 |   272
               +---------+---------+-------+---------+---------+-------+---------
